 Dungeon Crawl Stone Soup version 0.30.0-13-g156ef70053 (webtiles) character file.

Game seed: 11370546379014449161

711 monsoonserge the Shooter (level 8, -3/63 HPs)
             Began as a Meteoran Hexslinger on May 18, 2023.
             Slain by an orc wizard
             ... wielding a +0 flail
              (8 damage)
             ... on level 4 of the Dungeon.
             The game lasted 00:22:31 (1676 turns).

monsoonserge the Shooter (Meteoran Hexslinger)      Turns: 1676, Time: 00:22:33

Health: -3/63      AC:  4    Str: 12    XL:     8   Next: 20%
Magic:  9/12       EV: 13    Int: 17    God:
Gold:   186        SH:  0    Dex: 20    Spells: 4/11 levels left

rFire   . . .        j - +0 longbow
rCold   . . .        (shield currently unavailable)
rNeg    . . .        z - +0 leather armour
rPois   .            (no helmet)
rElec   .            (no cloak)
rCorr   .            (no gloves)
SInv    .            A - +0 pair of boots
Will    +....        n - amulet of magic regeneration
Stlth   +            g - +6 ring of dexterity
HPRegen 0.30/turn    f - ring of wizardry
MPRegen 0.53/turn

%: wizardry (x1)
@: glowing
A: sense surroundings 1, otherworldly, glowing, explore regen
a: no special abilities


You were on level 4 of the Dungeon.
You visited 1 branch of the dungeon, and saw 5 of its levels.
You also visited: Sewer.

You collected 186 gold pieces.

Inventory:

Hand Weapons
 a - a +1 sling
 j - a +0 longbow (weapon)
Missiles
 u - 12 poisoned darts
Armour
 c - a +0 robe
 m - a +0 pair of boots
 t - a +0 scale mail
 z - a +0 leather armour (worn)
 A - a +0 pair of boots (worn)
Jewellery
 f - a ring of wizardry (right hand)
 g - a +6 ring of dexterity (left hand)
 n - an amulet of magic regeneration (around neck)
 q - a ring of ice
Scrolls
 b - 3 scrolls of poison
 d - a scroll of immolation {unknown}
 h - 3 scrolls of enchant weapon
 i - 2 scrolls of teleportation
 o - a scroll of noise {unknown}
 v - 2 scrolls of identify
 w - a scroll of fear {unknown}
 x - a scroll of acquirement {unknown}
 y - a scroll of vulnerability {unknown}
Potions
 e - 2 potions of lignification
 k - 2 potions of haste
 l - 2 potions of might {unknown}
 p - 3 potions of mutation
 r - a potion of magic {unknown}
 s - a potion of resistance {unknown}


   Skills:
 + Level 3.1 Fighting
 + Level 6.9 Ranged Weapons
 * Level 0.2 Armour
 + Level 3.7 Dodging
 + Level 0.1 Stealth
 - Level 2.0 Spellcasting
 * Level 4.8 Hexes
 + Level 3.0 Translocations


You had 4 spell levels left.
You knew the following spells:

 Your Spells              Type           Power      Damage    Failure   Level
a - Slow                  Hex            72%        N/A       1%          1
b - Blink                 Tloc           22%        N/A       4%          2
c - Cause Fear            Hex            9%         N/A       14%         4

Your spell library contained the following spells:

 Spells                   Type           Power      Damage    Failure   Level
 Portal Projectile        Hex/Tloc       28%        N/A       6%          3
 Inner Flame              Hex/Fire       9%         N/A       12%         3
 Cigotuvi's Dreadful Rot  Necr/Pois/Air  2%         N/A       16%         2
 Vhi's Electric Charge    Tloc/Air       12%        N/A       16%         3
 Manifold Assault         Tloc           11%        N/A       26%         4
 Hailstorm                Conj/Ice       1%         3d3       28%         3
 Ignite Poison            Fire/Tmut/Pois 1%         N/A       28%         3
 Ice Form                 Ice/Tmut       1%         N/A       65%         4
 Arcjolt                  Conj/Air       0%         1d10      92%         5
 Freezing Cloud           Conj/Ice/Air   0%         6-21      92%         5
 Plasma Beam              Fire/Air       0%         2x1d11    100%        6
 Simulacrum               Ice/Necr       0%         N/A       100%        6
 Storm Form               Tmut/Air       0%         N/A       100%        7


Dungeon Overview and Level Annotations

Branches:
Dungeon (5/15) Zot: 1539    Sewer (visited)
 Temple: D:4-7

Altars:
Dithmenos
Kikubaaqudgha
Sif Muna


Innate Abilities, Weirdness & Mutations

You passively map a small area around you.
You are easily found by Zot.
You glow in the dark.
You regain HP and MP as you explore.


Message History

Fire: j) +0 longbow
Press: ? - help, Q - select action, (/) - cycle Shift-Dir - straight line, f/p - orc wizard
Aim: an orc wizard, wielding a +0 dagger of electrocution and wearing a +0 robe (translocational energy, 58% to hit)
You shoot an arrow. The arrow hits the orc wizard!
You kill the orc wizard!
Fire: j) +0 longbow
Press: ? - help, Q - select action, (/) - cycle Shift-Dir - straight line, f - orc
Aim: an orc, wielding a +4 war axe (64% to hit)
You shoot an arrow. The arrow closely misses the orc.
You hear some strange, mumbled words.
A puff of flame appears from out of thin air!
The puff of flame hits you. The orc hits you with a +4 war axe!
* * * LOW HITPOINT WARNING * * *
Fire: j) +0 longbow
Press: ? - help, Q - select action, (/) - cycle Shift-Dir - straight line, f/p - orc
Aim: an orc, wielding a +4 war axe (64% to hit)
You shoot an arrow. The arrow hits the orc.
The orc is moderately wounded.
Something hits you!
* * * LOW HITPOINT WARNING * * *
The orc barely misses you.
Casting: Blink (safe; 4% risk of failure)
Confirm with . or Enter, or press ? or * to list all spells.
Casting: Cause Fear (dangerous; 14% risk of failure)
Press: ? - help, Dir - look around, f - activate The orc looks frightened!
You feel stable enough to blink again. Something hits you but does no damage.
Casting: Cause Fear (dangerous; 14% risk of failure)
Confirm with . or Enter, or press ? or * to list all spells.
Aiming: Slow (safe; 1% risk of failure)
Press: ? - help, Shift-Dir - straight line Nothing appears to happen.
Something hits you.
* * * LOW HITPOINT WARNING * * *
You shoot an arrow. Something hits you but does no damage.
Fire: j) +0 longbow
Press: ? - help, Q - select action, (/) - cycle Shift-Dir - straight line
Okay, then.
You shoot an arrow. Something hits you!
You die...

#.#.#.........##.....#
##.##.##.....#.#.##..#
............##.......#
............##.......# *
..##.........#.....#####
#...........#........#.###
###.....###.##.#...##....##*,
##..#..###....#....<.....##
#...##.#≈#.....@..)........
#....#.#≈#..##.{...#....... *
#..##...~....#.....##......
###......~.........)#.)†....
##.......~.###.....>...###.#
.##.....#≈#..#...#.....# #
.#......#≈#..#o....#...#*
........#≈#........#.....#
.......####................


You could see an orc (fleeing).

Vanquished Creatures
  Grinder (Sewer)
  A phantom (Sewer)
  A kobold brigand (Sewer)
  A scorpion (D:4)
  A wight (Sewer)
  An orc wizard (D:4)
  7 adders
  4 gnolls (D:3)
  2 shadow imps (Sewer)
  2 ufetubi
  An adder zombie (Sewer)
  A worm (D:2)
  A dart slug (D:3)
  12 orcs
  2 ball pythons
  12 endoplasms
  4 giant cockroaches
  6 goblins
  5 hobgoblins
  4 jackals (D:1)
  4 quokkas
  5 bats
  2 frilled lizards
  17 kobolds
  2 kobold zombies (Sewer)
  A rat (D:3)
100 creatures vanquished.

Notes
Turn   | Place    | Note
-------+----------+-------------------------------------------
     0 | D:1      | monsoonserge the Meteoran Hexslinger began the quest for
                  | the Orb.
     0 | D:1      | Reached XP level 1. HP: 16/16 MP: 3/3
   119 | D:1      | Reached XP level 2. HP: 23/23 MP: 5/5
   142 | D:1      | Reached skill level 3 in Ranged Weapons
   211 | D:1      | Reached XP level 3. HP: 28/28 MP: 6/6
   338 | D:2      | Found a faded altar of an unknown god.
   393 | D:2      | Reached XP level 4. HP: 28/35 MP: 7/7
   560 | D:2      | Learned a level 2 spell: Blink
   735 | D:3      | Found a glowing drain.
   760 | D:3      | Reached skill level 4 in Ranged Weapons
   769 | D:2      | Reached XP level 5. HP: 15/41 MP: 8/8
   871 | Sewer    | Entered a sewer
   918 | Sewer    | Reached skill level 1 in Translocations
  1018 | Sewer    | Found an ancient bone altar of Kikubaaqudgha.
  1018 | Sewer    | Noticed a kobold brigand
  1028 | Sewer    | Killed a kobold brigand
  1029 | Sewer    | Reached skill level 5 in Ranged Weapons
  1029 | Sewer    | Reached XP level 6. HP: 37/48 MP: 9/9
  1064 | Sewer    | Learned a level 4 spell: Cause Fear
  1079 | Sewer    | Noticed Grinder
  1093 | Sewer    | Killed Grinder
  1094 | Sewer    | Reached skill level 6 in Ranged Weapons
  1094 | Sewer    | Reached XP level 7. HP: 39/56 MP: 9/11
  1173 | D:3      | Found a shimmering blue altar of Sif Muna.
  1429 | D:4      | Reached XP level 8. HP: 57/63 MP: 12/12
  1578 | D:4      | Found a shadowy altar of Dithmenos.
  1594 | D:4      | Found an ancient bone altar of Kikubaaqudgha.
  1652 | D:5      | Entered Level 5 of the Dungeon
  1676 | D:4      | Slain by an orc wizard

Illustrated notes

Levels and vault maps discovered:
D:1:      dpeg_arrival_rhombus, layout_basic, amcnicky_mini_rare_corridor_liquid
D:2:      layout_loops_ring, basic_ecumenical_altar, kennysheep_generic_room_7,
          uniq_jessica
D:3:      layout_rooms, okawaru_trees_2, nicolae_overflow_crystal_walls,
          mainiacjoe_overflow_surrounded_room, gup_sewer_entry_glass
D:4:      layout_cave_pools, lemuel_tele_altar, kennysheep_mini_moat,
          serial_rivers, chequers_serial_rivers_micro_a,
          chequers_serial_rivers_small_a, chequers_serial_rivers_micro_d,
          chequers_serial_rivers_marsh, chequers_serial_rivers_small_3,
          minmay_distorted, uniq_crazy_yiuf_cottage, uniq_grinder
D:5:      layout_basic, minmay_gold_behind_fungi, nicolae_nh_oracle_at_delphi,
          uniq_ijyb

Skill      XL: |  1  2  3  4  5  6  7 |
---------------+----------------------+-----
Ranged Weapons | 3 4 5 6 |  6.9
Fighting       | 2 3 |  3.1
Dodging        | 3 |  3.7
Translocations | 2 3 |  3.0
Spellcasting   | 2 |  2.0
Hexes          | 4 |  4.8
Armour         | |  0.2
Stealth        | |  0.1

Action                     |  1- 3 |  4- 6 |  7- 9 || total
---------------------------+-------+-------+-------++-------
   Fire: Sling             |    47 |       |       ||    47
         Longbow           |    14 |   106 |    95 ||   215
   Cast: Slow              |     3 |    11 |     1 ||    15
         Blink             |       |     3 |     1 ||     4
         Cause Fear        |       |       |     1 ||     1
    Use: Scroll            |       |     1 |     5 ||     6
 Armour: Robe              |    12 |    28 |     9 ||    49
         Leather armour    |       |       |    10 ||    10
  Dodge: Dodged            |    23 |    69 |    52 ||   144
